 Dungeon Crawl Stone Soup version 0.31-a0-472-g43a2ca8e1b (webtiles) character file.

Game seed: 7388037734354884872

2416 Ethylacetat the Mimic (level 9, -2/102 HPs)
             Began as an Octopode Shapeshifter on Aug 6, 2023.
             Slain by a wyvern (13 damage)
             ... on level 7 of the Dungeon.
             The game lasted 00:06:42 (4876 turns).

Ethylacetat the Mimic (Octopode Shapeshifter)       Turns: 4876, Time: 00:06:42

Health: -2/102     AC: 24    Str: 15    XL:     9   Next: 47%
Magic:  9/9        EV:  2    Int:  8    God:
Gold:   181        SH:  0    Dex: 16    Spells: 8/8 levels left

rFire   . . .        o - +2 dagger (venom)
rCold   . . .        (no shield)
rNeg    . . .        (helmet currently unavailable)
rPois   +            i - amulet of regeneration
rElec   .            (no ring)
rCorr   .            (no ring)
SInv    .            (no ring)
Will    .....        (no ring)
Stlth   +            (no ring)
HPRegen 1.17/turn    (no ring)
MPRegen 0.11/turn    (no ring)
                     (no ring)

%: no passive effects
@: tree-form (expiring), invisible
A: stationary, stasis, torment immunity, boosted hp, almost no armour,
(amphibious), 8 rings, (camouflage 1), (gelatinous body 1), (nimble swimmer 1),
(tentacles), dopey 1, robust 1
a: no special abilities


You were on level 7 of the Dungeon.
You were a tree.
You visited 1 branch of the dungeon, and saw 7 of its levels.

You collected 181 gold pieces.

Inventory:

Hand Weapons
 o - a +2 dagger of venom (weapon)
Missiles
 u - 14 darts of dispersal
Jewellery
 i - an amulet of regeneration (around neck)
Talismans
 b - a beast talisman
Wands
 s - a wand of mindburst (16)
Scrolls
 c - 2 scrolls of teleportation {unknown}
 d - 2 scrolls of blinking {unknown}
 e - 3 scrolls of amnesia {unknown}
 f - 3 scrolls of fear {unknown}
 g - a scroll of enchant weapon {unknown}
 h - a scroll of immolation {unknown}
 j - 7 scrolls of identify {unknown}
 l - 2 scrolls of fog {unknown}
 m - a scroll of acquirement {unknown}
 n - 2 scrolls of revelation {unknown}
 r - a scroll of enchant armour {unknown}
 t - a scroll of poison {unknown}
Potions
 a - a potion of lignification
 k - 2 potions of invisibility


   Skills:
 + Level 6.2 Fighting
 - Level 2.0 Dodging
 + Level 6.9 Unarmed Combat
 * Level 8.0 Shapeshifting


You had 8 spell levels left.
You didn't know any spells.
Your spell library contained the following spells:

 Spells                   Type           Power      Damage    Failure   Level
 Scorch                   Fire           0%         2d5       54%         2
 Flame Wave               Conj/Fire      0%         2d4       99%         4
 Manifold Assault         Tloc           0%         N/A       99%         4
 Dispersal                Tloc           0%         N/A       100%        6
 Summon Cactus Giant      Summ           0%         N/A       100%        6
 Disjunction              Tloc           0%         N/A       100%        8


Dungeon Overview and Level Annotations

Branches:
Dungeon (7/15)
 Temple: D:4-7

Altars:
Makhleb
Sif Muna
The Shining One


Innate Abilities, Weirdness & Mutations

You are a tree.
Your roots penetrate the ground, keeping you stationary.
You cannot be teleported.
You are immune to unholy pain and torment.
Your maximum health is greatly increased.
You cannot wear most types of armour.
((You are amphibious.))
You can wear up to eight rings at the same time.
((Your skin changes colour to match your surroundings (Stealth+).))
((Your rubbery body absorbs attacks. (AC +1, EV +1)))
((You are camouflaged when in or above water. (Stealth+)))
((You have tentacles for arms and can constrict up to eight enemies at once.))
You are dopey. (Int -2)
You are robust. (+10% HP)


Message History

The steam dragon claws you but does no damage.
Unknown command.
You hit the steam dragon but do no damage.
The steam dragon looks as sick as possible!
The steam dragon is almost dead.
You are engulfed in a cloud of scalding steam.
You kill the steam dragon!
The wyvern bites you but does no damage.
Your Shapeshifting skill increases to level 8!
It was a potion of invisibility.
You fade into invisibility!
The wyvern bites you but does no damage.
You closely miss the wyvern.
* * * LOW HITPOINT WARNING * * *
The wyvern bites you but does no damage.
The wyvern bites you.
* * * LOW HITPOINT WARNING * * *
You fade further into invisibility.
The orc wizard gestures at the wyvern while chanting.
The orc resists with significant effort.
The wyvern is engulfed in a cloud of scalding steam.
The wyvern bites you!
* * * LOW HITPOINT WARNING * * *
You fade further into invisibility.
The wyvern bites you but does no damage.
It was a potion of mutation.
You feel extremely strange.
You feel robust.
You feel stupid.
Your transformation is almost over.
The wyvern bites you but does no damage.
It was a potion of curing.
You feel better. The wyvern bites you.
* * * LOW HITPOINT WARNING * * *
The wyvern bites you.
* * * LOW HITPOINT WARNING * * *
You closely miss the wyvern.
The wyvern is lightly wounded.
The wyvern bites you but does no damage.
You completely miss the wyvern. You punch the wyvern, but do no damage.
The wyvern is lightly wounded.
The wyvern bites you!
You die...

..#..#.# ...........
.....#.# ..........# .....#
# ..........+ .. ...#.#
..........####... ...#.#. ##
.................
.......##.........o...#.#l#+
...#.###.#.#+#+#+#'#.#.#.#.#
####.# ##.#.#.#.#l#)#.......
# #.# #.#.#.#.#♣#.#o#.....#
# #.# ##.#.#.#.#.#.#.o....+
####.# #.#.#.#.#.#.#.#...
...#.# ##.#.#.#.#.#.#.......
##.#.###.#.#.#.#.#.#.#......
......###.#.#.#.#/#.#.#.....
...#..##.#.#.#.#.#.#?#.#.#+#
........#.#.#.#.#.#.#.#.#.#
.......#.#.#.#.#...#.#.#.#D#


You could see a wyvern (unable to see you) and an orc wizard (unable to see
you).

Vanquished Creatures
  Pikel (D:7)
  Sigmund (D:4)
  A steam dragon (D:7)
  The ghost of Ethylacetat the Changeling, an amateur OpSh (D:4)
  Edmund (D:4)
  An ice beast (D:5)
  A sky beast (D:6)
  A black bear (D:6)
  3 ogres
  2 lemures (D:7)
  2 phantoms
  A kobold brigand (D:7)
  2 scorpions
  3 jellies
  A gnoll bouda (D:7)
  2 iguanas
  A sleepcap (D:4)
  An orc wizard (D:7)
  Robin (D:4)
  9 adders
  5 gnolls (D:7)
  2 shadow imps (D:7)
  5 white imps
  3 ufetubi
  2 worms
  6 dart slugs
  7 orcs
  4 bats
  8 endoplasms
  5 giant cockroaches
  18 goblins
  20 hobgoblins
  3 jackals (D:4)
  5 quokkas
  14 ball pythons
  2 frilled lizards (D:1)
  16 kobolds
  4 rats
165 creatures vanquished.

Vanquished Creatures (others)
  A shadow imp (D:7)
1 creature vanquished.

Grand Total: 166 creatures vanquished

Notes
Turn   | Place    | Note
-------+----------+-------------------------------------------
     0 | D:1      | Ethylacetat the Octopode Shapeshifter began the quest for
                  | the Orb.
     0 | D:1      | Reached XP level 1. HP: 13/13 MP: 1/1
   240 | D:1      | Reached XP level 2. HP: 18/18 MP: 2/2
   499 | D:1      | Reached XP level 3. HP: 23/23 MP: 3/3
  1201 | D:2      | Reached XP level 4. HP: 10/29 MP: 4/4
  1787 | D:3      | Reached skill level 4 in Shapeshifting
  2118 | D:3      | Reached XP level 5. HP: 35/35 MP: 5/5
  2586 | D:4      | Noticed Robin
  2643 | D:4      | Killed Robin
  2735 | D:4      | Noticed a phantom
  2748 | D:4      | Killed a phantom
  2749 | D:4      | Reached XP level 6. HP: 39/42 MP: 6/6
  2779 | D:4      | Noticed Sigmund
  2786 | D:4      | Killed Sigmund
  2787 | D:4      | Reached skill level 5 in Shapeshifting
  2787 | D:4      | Reached XP level 7. HP: 41/46 MP: 7/7
  2812 | D:4      | Noticed Edmund
  2822 | D:4      | Killed Edmund
  3128 | D:4      | Reached skill level 5 in Unarmed Combat
  3215 | D:4      | Found a runed translucent door.
  3216 | D:4      | Noticed Ethylacetat's ghost (amateur OpSh)
  3238 | D:4      | Found a shimmering blue altar of Sif Muna.
  3563 | D:4      | Killed Ethylacetat's ghost
  3564 | D:4      | Reached skill level 6 in Shapeshifting
  3564 | D:4      | Reached XP level 8. HP: 31/54 MP: 8/8
  3622 | D:5      | Entered Level 5 of the Dungeon
  3844 | D:5      | You fall into a shaft and drop 2 floors!
  3888 | D:6      | Reached skill level 5 in Fighting
  4123 | D:5      | Found a glowing golden altar of the Shining One.
  4187 | D:5      | Found a burning altar of Makhleb.
  4200 | D:5      | Reached skill level 7 in Shapeshifting
  4625 | D:7      | Reached XP level 9. HP: 61/61 MP: 9/9
  4783 | D:7      | Noticed Pikel
  4794 | D:7      | Killed Pikel
  4869 | D:7      | Reached skill level 8 in Shapeshifting
  4871 | D:7      | HP: 2/93 [wyvern (8)]
  4873 | D:7      | Gained mutation: You are robust. (+10% HP) [potion of
                  | mutation]
  4873 | D:7      | Gained mutation: You are dopey. (Int -2) [potion of
                  | mutation]
  4876 | D:7      | Slain by a wyvern

Illustrated notes

Levels and vault maps discovered:
D:1:      matt_arrival_diagonals, layout_basic
D:2:      layout_basic
D:3:      layout_loops_ring, minmay_fractal_squares_diagonal_5
D:4:      minmay_razor_zed, layout_basic, mainiacjoe_overflow_tiny_flanked,
          gammafunk_ghost_grave, uniq_sigmund, uniq_robin, uniq_edmund
D:5:      layout_loops_cross, mainiacjoe_overflow_catch_the_wave
D:6:      black_bear_nest_2, layout_basic, uniq_duvessa
D:7:      layout_basic, minmay_temple_entry_sparse_star, serial_demonic,
          serial_demonic_e, serial_demonic_a, serial_demonic_b,
          serial_demonic_e, minmay_unpleasant_kobolds, uniq_pikel

Skill      XL: |  1  2  3  4  5  6  7  8  9 |
---------------+----------------------------+-----
Fighting       | 2 3 4 5 6 |  6.2
Shapeshifting  | 4 5 6 7 8 |  8.0
Unarmed Combat | 4 5 6 |  6.9
Dodging        | |  2.0

Action                     |  1- 3 |  4- 6 |  7- 9 || total
---------------------------+-------+-------+-------++-------
  Melee: Unarmed           |    74 |    90 |       ||   164
         Constrict         |    15 |    25 |    46 ||    86
         Tentacles         |    12 |    13 |    46 ||    71
         Punch             |     2 |     4 |    14 ||    20
         Dagger            |       |    16 |   176 ||   192
    Use: Potion            |       |     1 |     6 ||     7
   Stab: Sleeping          |     9 |     6 |     6 ||    21
 Armour: Skin              |     7 |     2 |    24 ||    33
  Dodge: Dodged            |    38 |    55 |    80 ||   173

Table legend: (Time is in decaauts)
 A = Elapsed time spent in this place.
 B = Non-inter-level travel time spent in this place.
 C = Inter-level travel time spent in this place.
 D = Time resting spent in this place.
 E = Time spent auto-exploring this place.
 F = Levels seen in this place.
 G = Mean time per level.
                   A        B        C        D        E       F      G
               +--------+--------+--------+--------+--------+-----+--------+
         Total |   4863 |   4677 |    186 |     45 |   3735 |   7 |  694.7 |
       Dungeon |   4863 |   4677 |    186 |     45 |   3735 |   7 |  694.7 |
               +--------+--------+--------+--------+--------+-----+--------+

Top non-repeatable levels by time:
     D:4: 986 daAuts
     D:1: 909 daAuts
     D:3: 899 daAuts
     D:2: 817 daAuts
     D:5: 657 daAuts
     D:6: 302 daAuts
     D:7: 292 daAuts
